 Dungeon Crawl Stone Soup version 0.31-a0-1237-gabc64e778c (webtiles) character file.

Game seed: 2443115506066094737

15407 Armakuni the Placeless Human (level 12, 0/93 HPs)
             Began as a Human Artificer on Dec 10, 2023.
             Was a Follower of Ru.
             Slain by a water elemental (1 damage)
             ... on level 11 of the Dungeon on Dec 16, 2023.
             The game lasted 00:49:40 (13298 turns).

Armakuni the Placeless Human (Human Artificer)     Turns: 13298, Time: 00:49:41

Health: 0/93       AC: 11    Str: 10    XL:     12   Next: 57%
Magic:  13/13      EV: 24    Int: 16    God:    Ru [*.....]
Gold:   306        SH:  5    Dex: 15    Spells: 4/13 levels left

rFire   . . .        a - +1 rapier (venom)
rCold   . . .        s - +0 buckler
rNeg    . . .        U - +0 troll leather armour
rPois   +            f - +2 helmet
rElec   .            W - +2 cloak {rCorr}
rCorr   +            z - +0 pair of gloves
SInv    .            I - +0 pair of boots
Will    .....        A - amulet of the acrobat
Stlth   +            E - +5 ring of evasion
HPRegen 1.15/turn    V - +5 ring of evasion
MPRegen 0.13/turn

%: acrobat, clarity
@: engulfed (cannot breathe)
A: no necromancy magic, no poison magic, no transmutations magic, clarity,
deformed body, poison resistance, weak 1, evolution 1
a: Renounce Religion


You were on level 11 of the Dungeon.
You worshipped Ru.
Ru was aware of your devotion.
You visited 2 branches of the dungeon, and saw 12 of its levels.
You also visited: Sewer and Bailey.

You collected 670 gold pieces.
You spent 364 gold pieces at shops.

Inventory:

Hand Weapons
 a - a +1 rapier of venom (weapon)
 b - a +1 sling of draining
 H - a +2 heavy dire flail
 T - a +3 whip of venom
Missiles
 t - 2 curare-tipped darts (quivered)
 v - 7 throwing nets
Armour
 f - a +2 helmet (worn)
 s - a +0 buckler (worn)
 z - a +0 pair of gloves (worn)
 I - a +0 pair of boots (worn)
 N - +0 acid dragon scales
 U - a +0 troll leather armour (worn)
 W - a +2 cloak of preservation (worn)
Jewellery
 A - an amulet of the acrobat (around neck)
 E - a +5 ring of evasion (left hand)
 J - a ring of ice
 K - a ring of resist corrosion
 L - a ring of flight
 V - a +5 ring of evasion (right hand)
Wands
 k - a wand of digging (9)
 r - a wand of roots (11)
Scrolls
 g - a scroll of silence
 h - a scroll of brand weapon
 i - 4 scrolls of fear
 j - 6 scrolls of teleportation
 l - 4 scrolls of vulnerability
 o - 2 scrolls of fog
 x - 4 scrolls of blinking
 B - 4 scrolls of enchant weapon
 F - a scroll of revelation
 M - 5 scrolls of enchant armour
 S - a scroll of poison
Potions
 d - 3 potions of brilliance
 e - 3 potions of lignification
 n - a potion of magic
 q - a potion of curing
 u - 3 potions of cancellation
 w - a potion of berserk rage
 y - 6 potions of haste
 D - 2 potions of invisibility
 O - a potion of enlightenment
 P - a potion of might {unknown}


   Skills:
 - Level 8.2 Fighting
 - Level 2.0 Short Blades
 - Level 2.5 Maces & Flails
 - Level 7.0 Armour
 - Level 6.4 Dodging
 - Level 1.0 Stealth
 - Level 4.0 Shields
 - Level 1.0 Spellcasting
 + Level 9.9 Conjurations
 + Level 9.9 Translocations
 - Level 4.1 Evocations


You had 4 spell levels left.
You knew the following spells:

 Your Spells              Type           Power      Damage    Failure   Level
m - Iskenderun's Mystic   Conj/Tloc      32%        2d8       7%          4
s - Iskenderun's Battles  Conj           32%        2d8       21%         5

Your spell library contained the following spells:

 Spells                   Type           Power      Damage    Failure   Level
 Hailstorm                Conj/Ice       16%        3d6       17%         3
 Slow                     Hex            0%         N/A       38%         1
 Brom's Barrelling Bould  Conj/Erth      16%        2d4       50%         4
 Dimensional Bullseye     Hex/Tloc       8%         N/A       50%         4
 Ensorcelled Hibernation  Hex/Ice        0%         N/A       54%         2
 Confusing Touch          Hex            0%         N/A       77%         3
 Sigil of Binding         Hex            0%         N/A       77%         3
 Tukima's Dance           Hex            0%         N/A       77%         3
 Fireball                 Conj/Fire      8%         3d6       83%         5
 Orb of Destruction       Conj           16%        9d7       99%         7
 Conjure Ball Lightning   Conj/Air       8%         3x3d6     100%        6
 Ozocubu's Refrigeration  Ice            0%         4d7       100%        7
 Necrotise                Necr           Unusable   1d4       N/A         1
 Vampiric Draining        Necr           Unusable   2d6       N/A         3
 Animate Dead             Necr           Unusable   N/A       N/A         4
 Agony                    Necr           Unusable   N/A       N/A         5
 Haunt                    Necr/Summ      Unusable   N/A       N/A         7
 Infestation              Necr           Unusable   N/A       N/A         8

Dungeon Overview and Level Annotations

Branches:
Dungeon (11/15)            Temple (1/1) D:5            Lair (0/5) D:11
    Orc (0/2) D:11          Sewer (visited)          Bailey (visited)

Altars:
Ashenzari
Cheibriados
Dithmenos
Elyvilon
Fedhas
Gozag
Hepliaklqana
Kikubaaqudgha
Makhleb
Nemelex Xobeh
Okawaru
Qazlal
Ru
Sif Muna
Trog
Uskayaw
Vehumet
Wu Jian
Xom
Yredelemnul
Zin
The Shining One

Shops:
D:1 :   D:5 :   D:8 *

Annotations:
D:3 3 runed translucent doors, MrClown's ghost, amateur MiGl
D:4 2 transporters, Sapher's ghost, weakling MeEE


Innate Abilities, Weirdness & Mutations

You cannot study or cast Necromancy magic.
You cannot study or cast Poison magic.
You cannot study or cast Transmutations magic.
You possess an exceptional clarity of mind.
Armour fits poorly on your strangely shaped body.
Your system is resistant to poisons. (rPois)
You are weak. (Str -2)
You have hidden genetic potential.


Message History

The water elemental hits you.
The water elemental engulfs you in water!
You hit the water elemental.
The water elemental is heavily damaged.
Your lungs strain for air!
You block the water elemental's attack.
You hit the water elemental.
The water elemental is heavily damaged.
Your lungs strain for air!
The water elemental completely misses you.
You barely miss the water elemental.
The water elemental is heavily damaged.
Your lungs strain for air!
The water elemental closely misses you.
You puncture the water elemental!
The water elemental is severely damaged.
Your lungs strain for air!
The water elemental misses you. The water elemental hits you!
You closely miss the water elemental.
The water elemental is severely damaged.
Your lungs strain for air!
The water elemental misses you.
You barely miss the water elemental.
The water elemental is severely damaged.
Your lungs strain for air!
The water elemental is stunned by your conviction and fails to attack.
You hit the water elemental.
The water elemental is almost destroyed.
* * * LOW HITPOINT WARNING * * *
Your lungs strain for air!
The water elemental hits you.
* * * LOW HITPOINT WARNING * * *
You hit the water elemental but do no damage.
The water elemental is almost destroyed.
* * * LOW HITPOINT WARNING * * *
Your lungs strain for air!
The water elemental hits you!
* * * LOW HITPOINT WARNING * * *
The water elemental hits you.
You die...

~~***#.#*..###,,,,,,,,,,,*,* ****
~~*###'##.~~..,,***,**,,,*,* *,,,
~~##....#~~~~##** *,**,,,*,* *,**
~o......~~~~~~##***,**,,,*,***,**
~~......~~~~~~~..........#.#.,,,,
~~......~~~~~~#####.###+##.#.*,**
,,**#....~~~~######.###.##.#.*,*
,*#.#..#.#~############.##~#.*,*
,,#....E..##...E@..####.#~~~.*,**
....#..#.##...####)".##.~~~~~*,,,
≈.#.#..#.)...##).##...##~~~~~~,,,
≈,.,#..#)......).....![#~~~~~*,,,
~.#.....))...##..##....##~~~.*,,,
...###.####...####......##~..,,,,
,,***#.#**##........##..##...,,**
,,,,,..,,,,#'##########.##...,,**
,,*,~~,,,,##........##...#...,,,,


You could see a water elemental.

Vanquished Creatures
  Harold (D:10)
  2 vault guards (Bailey)
  A two-headed ogre (D:9)
  A boulder beetle (D:8)
  A fire crab (D:11)
  Pikel (D:7)
  Maurice (D:7)
  2 unseen horrors
  Maggie (D:6)
  2 trolls (D:10)
  Prince Ribbit (Bailey)
  Grinder (D:5)
  Sigmund (D:4)
  A shadow (D:10)
  A wraith (D:9)
  A wyvern (D:10)
  9 yaks (D:9)
  2 humans (Bailey)
  Eustachio (D:5)
  2 vampire mosquitoes (D:9)
  Menkaure (D:4)
  A steam dragon (D:8)
  2 wargs (D:11)
  4 water moccasins
  Edmund (D:6)
  Duvessa (D:7)
  4 orc warriors (D:11)
  A black bear (D:8)
  3 sky beasts
  An ice beast (D:5)
  9 centaurs
  3 ogres
  2 phantoms (D:7)
  3 kobold brigands
  17 bullfrogs
  A gnoll sergeant (D:5)
  Dowan (D:7)
  2 wights (D:8)
  24 killer bees
  4 electric eels
  6 howler monkeys (D:9)
  A spectral scorpion (D:3)
  2 hounds
  4 jellies
  3 orc priests
  3 sleepcaps
  3 iguanas
  6 orc wizards
  Natasha (thrice) (D:3)
  A hound skeleton (D:3)
  3 gnolls (D:5)
  7 adders
  3 river rats (Sewer)
  A shadow imp (D:6)
  4 white imps
  An adder skeleton (D:3)
  3 worms
  A dart slug (D:4)
  33 orcs
  12 ball pythons
  5 bats
  12 endoplasms
  5 giant cockroaches
  7 goblins
  7 hobgoblins
  A jackal (D:1)
  5 quokkas
  2 frilled lizards (D:3)
  2 jackal skeletons (D:3)
  30 kobolds
  A quokka zombie (D:3)
  23 rats
318 creatures vanquished.

Vanquished Creatures (collateral kills)
  A ball python (Sewer)
  A frilled lizard (Sewer)
  2 kobolds (Sewer)
  4 rats (Sewer)
8 creatures vanquished.

Vanquished Creatures (others)
  2 kobold brigands (Sewer)
  A killer bee (D:10)
  7 river rats (Sewer)
  An adder (Sewer)
  A jackal (D:1)
12 creatures vanquished.

Grand Total: 338 creatures vanquished

Notes
Turn   | Place    | Note
-------+----------+-------------------------------------------
     0 | D:1      | Armakuni the Human Artificer began the quest for the Orb.
     0 | D:1      | Reached XP level 1. HP: 15/15 MP: 1/1
     0 | D:1      | Noticed an ice dragon
     0 | D:1      | Noticed a tentacled monstrosity
     3 | D:1      | Noticed an iron dragon
     3 | D:1      | Noticed an orb of fire
     8 | D:1      | Noticed an ice dragon
    10 | D:1      | Noticed an iron dragon
    10 | D:1      | Noticed a tentacled monstrosity
    12 | D:1      | Noticed a tentacled monstrosity
    12 | D:1      | Noticed a shadow dragon
    16 | D:1      | Noticed a green draconian
    16 | D:1      | Noticed an ice dragon
    18 | D:1      | Noticed a large abomination
    18 | D:1      | Noticed an ice dragon
    20 | D:1      | Noticed a shadow dragon
    49 | D:1      | Reached skill level 1 in Maces & Flails
    80 | D:1      | Reached XP level 2. HP: 12/21 MP: 2/2
   309 | D:1      | Found Byzipina's Book Shop.
   686 | D:2      | Reached XP level 3. HP: 25/27 MP: 3/3
  1520 | D:3      | Found a glowing drain.
  1523 | Sewer    | Entered a sewer
  1552 | Sewer    | Reached XP level 4. HP: 27/34 MP: 4/4
  2025 | Sewer    | Reached XP level 5. HP: 40/40 MP: 5/5
  2137 | Sewer    | Noticed a kobold brigand
  2137 | Sewer    | Noticed a kobold brigand
  2137 | Sewer    | Noticed a kobold brigand
  2150 | Sewer    | Killed a kobold brigand
  2151 | Sewer    | Reached skill level 5 in Fighting
  2151 | Sewer    | Reached XP level 6. HP: 25/51 MP: 6/6
  2570 | D:3      | Found a runed translucent gate.
  2570 | D:3      | Found a runed translucent gate.
  2571 | D:3      | Identified the +1 dagger "Wifaro" {heavy, rElec rC++ Dex+2
                  | SInv}
  2571 | D:3      | Noticed MrClown's ghost (amateur MiGl)
  2574 | D:3      | Found a runed translucent gate.
  2663 | D:3      | Noticed Natasha
  2679 | D:3      | Killed Natasha
  2945 | D:3      | Reached XP level 7. HP: 47/56 MP: 7/7
  3105 | D:3      | Noticed Natasha
  3263 | D:3      | Killed Natasha
  3264 | D:3      | Noticed Natasha
  3268 | D:3      | Killed Natasha
  3872 | D:3      | Identified the +9 dagger "Tuhiuj" {pain, +Blink rCorr
                  | Int-4}
  4275 | D:3      | Found a stormy altar of Qazlal.
  4275 | D:3      | Found a radiant altar of Vehumet.
  4275 | D:3      | Found a hazy altar of Hepliaklqana.
  4275 | D:3      | Found a bloodstained altar of Trog.
  4275 | D:3      | Found a shadowy altar of Dithmenos.
  4275 | D:3      | Found a bloodstained altar of Trog.
  4285 | D:3      | Reached skill level 1 in Short Blades
  4539 | D:4      | Noticed Menkaure
  4668 | D:4      | Killed Menkaure
  4857 | D:4      | Found a radiant altar of Vehumet.
  4859 | D:4      | Found a hazy altar of Hepliaklqana.
  4859 | D:4      | Found an ancient bone altar of Kikubaaqudgha.
  4936 | D:4      | Found a transporter.
  4938 | D:4      | Noticed Sapher's ghost (weakling MeEE)
  5374 | D:4      | Reached XP level 8. HP: 62/62 MP: 8/8
  5476 | D:4      | Found a transporter.
  5671 | D:4      | Noticed Sigmund
  5684 | D:4      | Killed Sigmund
  5685 | D:4      | Reached skill level 5 in Armour
  5810 | D:5      | Entered Level 5 of the Dungeon
  5812 | D:5      | Noticed Eustachio
  6351 | D:5      | Found a burning altar of Makhleb.
  6420 | D:5      | Found a staircase to the Ecumenical Temple.
  6435 | Temple   | Entered the Ecumenical Temple
  6522 | D:5      | Killed Eustachio
  6523 | D:5      | Reached XP level 9. HP: 44/72 MP: 9/9
  6619 | Temple   | Became a worshipper of Ru the Awakened
  7033 | D:5      | Noticed Grinder
  7037 | D:5      | Paralysed by Grinder for 3 turns
  7045 | D:5      | Paralysed by Grinder for 5 turns
  7059 | D:5      | Killed Grinder
  7196 | D:5      | Found Ujoettis's Book Emporium.
  7249 | D:6      | Got Nopp's Verses on Ice
  7456 | D:6      | Noticed Edmund
  7463 | D:6      | Killed Edmund
  7739 | D:6      | Noticed Maggie
  7766 | D:6      | Killed Maggie
  8011 | D:7      | Noticed Maurice
  8029 | D:6      | Reached XP level 10. HP: 80/80 MP: 10/10
  8092 | D:6      | Reached skill level 5 in Dodging
  8141 | D:7      | Maurice stole a +1 sling of draining
  8147 | D:7      | Killed Maurice
  8163 | D:7      | Gained mutation: You are strong-willed. (Will+) [potion of
                  | mutation]
  8163 | D:7      | Gained mutation: You are weak. (Str -2) [potion of
                  | mutation]
  8163 | D:7      | Gained mutation: Your mind is acute. (Int +4, Str/Dex -1)
                  | [potion of mutation]
  8231 | D:5      | Bought a book of Weapons for 364 gold pieces
  8236 | D:5      | Learned a level 4 spell: Iskenderun's Mystic Blast
  8356 | D:7      | Noticed Duvessa
  8357 | D:7      | Noticed Dowan
  8378 | D:7      | Killed Duvessa
  8411 | D:7      | Killed Dowan
  8412 | D:7      | Reached skill level 1 in Conjurations
  8412 | D:7      | Reached skill level 1 in Translocations
  8431 | D:7      | Reached skill level 1 in Spellcasting
  8564 | D:7      | Found a flagged portal.
  8571 | Bailey   | Entered a bailey
  8837 | Bailey   | Noticed a vault guard
  8837 | Bailey   | Noticed Prince Ribbit
  8848 | Bailey   | Killed Prince Ribbit
  8861 | Bailey   | Killed a vault guard
  8862 | Bailey   | Reached XP level 11. HP: 69/86 MP: 10/12
  8919 | Bailey   | Noticed a vault guard
  8945 | Bailey   | Killed a vault guard
  8946 | Bailey   | Reached skill level 5 in Conjurations
  8946 | Bailey   | Reached skill level 5 in Translocations
  9091 | Bailey   | Lost mutation: Your mind is acute. (Int +4, Str/Dex -1)
                  | [potion of mutation]
  9091 | Bailey   | Lost mutation: You are weak. (Str -2) [potion of mutation]
  9091 | Bailey   | Lost mutation: You are strong-willed. (Will+) [potion of
                  | mutation]
  9091 | Bailey   | Gained mutation: You have sharp toenails. [potion of
                  | mutation]
  9091 | Bailey   | Gained mutation: You are frail. (-10% HP) [potion of
                  | mutation]
  9091 | Bailey   | Gained mutation: You are weak. (Str -2) [potion of
                  | mutation]
  9091 | Bailey   | Gained mutation: You possess an exceptional clarity of
                  | mind. [potion of mutation]
  9092 | Bailey   | Lost mutation: You are frail. (-10% HP) [potion of
                  | mutation]
  9092 | Bailey   | Lost mutation: You have sharp toenails. [potion of
                  | mutation]
  9092 | Bailey   | Gained mutation: Armour fits poorly on your strangely
                  | shaped body. [potion of mutation]
  9092 | Bailey   | Gained mutation: You have hidden genetic potential. [potion
                  | of mutation]
  9415 | D:7      | Noticed Pikel
  9432 | D:7      | Killed Pikel
 10152 | D:8      | Identified the +0 leather armour "Tuvits" {rC- Int+8
                  | Stlth-}
 10194 | D:8      | Found Jeacat's General Store.
 10356 | D:8      | Gained mutation: You cannot study or cast Poison magic. [Ru
                  | sacrifice]
 10356 | D:8      | Gained mutation: You cannot study or cast Transmutations
                  | magic. [Ru sacrifice]
 10356 | D:8      | Gained mutation: You cannot study or cast Necromancy magic.
                  | [Ru sacrifice]
 10356 | D:8      | Reached * piety under Ru
 10502 | D:8      | Noticed a boulder beetle
 10514 | D:8      | Killed a boulder beetle
 10702 | D:9      | Noticed a two-headed ogre
 10742 | D:9      | Killed a two-headed ogre
 10785 | D:9      | Reached XP level 12. HP: 58/93 MP: 10/13
 11041 | D:9      | Found a broken altar of Ashenzari.
 11168 | D:9      | Gained mutation: Your system is resistant to poisons.
                  | (rPois) [hidden potential]
 11675 | D:10     | Entered Level 10 of the Dungeon
 12040 | D:10     | Noticed Harold
 12061 | D:10     | Killed Harold
 12183 | D:10     | Upgraded the game from 0.31-a0-1172-g9944ec47dd to
                  | 0.31-a0-1202-ga8fea8b373
 12226 | D:10     | Upgraded the game from 0.31-a0-1202-ga8fea8b373 to
                  | 0.31-a0-1237-gabc64e778c
 12232 | D:10     | Learned a level 5 spell: Iskenderun's Battlesphere
 13002 | D:11     | Found a staircase to the Orcish Mines.
 13205 | D:11     | Noticed a fire crab
 13220 | D:11     | Killed a fire crab
 13298 | D:11     | HP: 1/93 [water elemental (13)]
 13298 | D:11     | Slain by a water elemental

Illustrated notes

Levels and vault maps discovered:
D:1:      shiori_arrival_whats_in_store_for_you, layout_rooms, serial_shops,
          shop
D:2:      layout_rooms, minmay_misc_feat_diagonals, minmay_gold_behind_fungi
D:3:      cheibrodos_fertilizer, layout_basic, biasface_ghost_orc_armoury,
          mainiacjoe_sewer_entry_somewhere_in_here_1, dilly_guarded_unrand_morg
D:4:      layout_basic, chequers_temple_overflow_statue_of_worship,
          gammafunk_ghost_smash, grunt_ministairs_6, uniq_menkaure, uniq_sigmund
D:5:      layout_loops_cross, mainiacjoe_overflow_alcove_1,
          minmay_temple_entry_mini_moons, serial_shops,
          nicolae_shop_real_fake_doors, uniq_eustachio, uniq_grinder
D:6:      layout_gridville, uniq_maggie, uniq_edmund
D:7:      layout_gridville, enter_bailey_2, small_statue_intersection,
          minivault_27, uniq_pikel, uniq_duvessa, uniq_maurice
D:8:      nzn_winding_woodlands_medium [nzn_winding_woodlands_5x5_checkerboard,
          nzn_winding_woodlands_5x15_zeroes, nzn_winding_woodlands_5x5_three,
          nzn_winding_woodlands_hourglass,
          nzn_winding_woodlands_center_diamonds,
          nzn_winding_woodlands_5x5_cross,
          nzn_winding_woodlands_5x5_closed_star,
          nzn_winding_woodlands_5x15_river_crossing,
          nzn_winding_woodlands_5x5_default], layout_rooms, serial_shops,
          nicolae_take_the_stairs, kennysheep_nondescript
D:9:      layout_stronghold, mainiacjoe_overflow_concentric_impassable,
          uniq_grum
D:10:     layout_roguey, serial_corexii_hall, corexii_hall_statues_i,
          corexii_hall_statues_i, uniq_harold
D:11:     layout_basic, minmay_lair_entry_lava, david_orc_1_choice,
          nicolae_qazlal_general_emergency, uniq_amaemon
Temple:   minmay_temple_bridge_d

Skill      XL: |  1  2  3  4  5  6  7  8  9 10 11 12 |
---------------+-------------------------------------+-----
Maces & Flails | 1 2 |  2.5
Fighting       | 2 3 5 7 8 |  8.2
Dodging        | 2 3 4 6 |  6.4
Evocations     | 4 |  4.1
Short Blades   | 2 |  2.0
Armour         | 3 5 7 |  7.0
Shields        | 4 |  4.0
Conjurations   | 4 8 9 |  9.9
Translocations | 4 8 9 |  9.9
Spellcasting   | 1 |  1.0
Stealth        | |  1.0

Action                     |  1- 3 |  4- 6 |  7- 9 | 10-12 || total
---------------------------+-------+-------+-------+-------++-------
  Melee: Club              |    37 |       |       |       ||    37
         Whip              |   118 |   217 |    38 |       ||   373
         Punch             |     2 |     2 |     1 |       ||     5
         Dagger            |       |       |   202 |     5 ||   207
         Rapier            |       |       |    71 |   864 ||   935
  Throw: Dart              |       |       |    12 |     5 ||    17
         Throwing net      |       |       |     1 |     3 ||     4
   Cast: Iskenderun's Myst |       |       |       |     6 ||     6
         Iskenderun's Batt |       |       |       |     2 ||     2
 Invoke: Reject Sacrifices |       |       |       |     2 ||     2
         Sacrifice Arcana  |       |       |       |     1 ||     1
  Evoke: Wand              |     6 |    24 |    10 |    38 ||    78
    Use: Scroll            |     8 |       |     5 |    13 ||    26
         Potion            |       |       |       |     7 ||     7
   Stab: Paralysed         |       |       |       |    31 ||    31
         Sleeping          |       |       |       |     2 ||     2
         Distracted        |       |       |       |     1 ||     1
 Armour: Leather armour    |    32 |       |       |       ||    32
         Ring mail         |    57 |   136 |   166 |       ||   359
         Acid dragon scale |       |       |     7 |   364 ||   371
         Troll leather arm |       |       |       |   142 ||   142
  Dodge: Dodged            |    78 |   115 |   157 |   954 ||  1304
  Block: Buckler           |       |       |    17 |   289 ||   306

Table legend: (Time is in decaauts)
 A = Elapsed time spent in this place.
 B = Non-inter-level travel time spent in this place.
 C = Inter-level travel time spent in this place.
 D = Time resting spent in this place.
 E = Time spent auto-exploring this place.
 F = Levels seen in this place.
 G = Mean time per level.
                   A        B        C        D        E       F      G
               +--------+--------+--------+--------+--------+-----+--------+
         Total |  13479 |  12793 |    686 |   2173 |   6295 |  14 |  962.8 |
       Dungeon |  11681 |  11136 |    545 |   1738 |   5766 |  11 | 1061.9 |
        Temple |    217 |     76 |    141 |     55 |      0 |   1 |  217.0 |
         Sewer |    994 |    994 |      0 |    236 |    387 |   1 |  994.0 |
        Bailey |    587 |    587 |      0 |    144 |    142 |   1 |  587.0 |
               +--------+--------+--------+--------+--------+-----+--------+

Top non-repeatable levels by time:
     D:3: 1981 daAuts
     D:4: 1257 daAuts
     D:5: 1184 daAuts
     D:9: 1109 daAuts
    D:10: 1053 daAuts
     D:6: 997 daAuts
   Sewer: 994 daAuts
     D:2: 934 daAuts
     D:8: 930 daAuts
     D:7: 908 daAuts
     D:1: 740 daAuts
  Bailey: 587 daAuts
    D:11: 583 daAuts
  Temple: 217 daAuts
